 Dungeon Crawl Stone Soup version 0.29-a0-559-g359e09b9d1 (webtiles) character file.

Game seed: 9303745534472410250

255 DocClef the Covert (level 6, -4/53 HPs)
             Began as a Gnoll Delver on June 9, 2022.
             Slain by a bullfrog (5 damage)
             ... on level 6 of the Dungeon.
             The game lasted 00:03:05 (4262 turns).

DocClef the Covert (Gnoll Delver)                   Turns: 4262, Time: 00:03:06

Health: -4/53      AC:  4    Str: 11    XL:     6   Next: 15%
Magic:  8/8        EV: 11    Int: 10    God:
Gold:   241        SH:  8    Dex: 15    Spells: 8/8 levels left

rFire   . . .      SeeInvis .   r - +0 dagger (speed)
rCold   . . .      Faith    .   A - +0 kite shield
rNeg    . . .      Spirit   .   b - +0 leather armour
rPois   .          Reflect  .   m - +0 helmet
rElec   .          Harm     .   (no cloak)
rCorr   .          Rampage  .   (no gloves)
Will    .....                   (no boots)
Stlth   ++++......              (no amulet)
HPRegen 0.17/turn               (no ring)
MPRegen 0.11/turn               (no ring)

@: no status effects
A: fangs 1, strong nose, distributed training
a: no special abilities


You were on level 6 of the Dungeon.
You visited 1 branch of the dungeon, and saw 6 of its levels.

You collected 241 gold pieces.

Inventory:

Hand Weapons
 a - a +0 short sword
 r - a +0 dagger of speed (weapon)
Armour
 b - a +0 leather armour (worn)
 m - a +0 helmet (worn)
 A - a +0 kite shield (worn)
Jewellery
 o - a ring of wizardry
Wands
 g - a wand of digging (3)
 k - a wand of iceblast (8)
 q - a wand of acid (5)
Scrolls
 c - a scroll of fog
 d - 4 scrolls of magic mapping
 e - 2 scrolls of fear
 j - 6 scrolls of identify {unknown}
 s - 2 scrolls of amnesia {unknown}
 t - 2 scrolls of enchant weapon {unknown}
 u - a scroll of silence {unknown}
 v - a scroll of acquirement {unknown}
 x - a scroll of vulnerability {unknown}
 y - a scroll of teleportation {unknown}
Potions
 f - a potion of haste
 h - 2 potions of lignification {unknown}
 i - 4 potions of curing {unknown}
 l - a potion of cancellation {unknown}
 n - a potion of heal wounds {unknown}
 p - a potion of might {unknown}
 w - a potion of attraction {unknown}
 z - a potion of invisibility {unknown}


   Skills:
 + Level 6.8 Fighting
 + Level 4.9 Short Blades
 + Level 1.8 Long Blades
 + Level 1.8 Axes
 + Level 1.8 Maces & Flails
 + Level 1.8 Polearms
 + Level 1.8 Staves
 + Level 1.8 Slings
 + Level 1.8 Bows
 + Level 1.8 Crossbows
 + Level 1.8 Throwing
 + Level 1.8 Armour
 + Level 4.9 Dodging
 + Level 9.7 Stealth
 + Level 1.8 Shields
 + Level 1.8 Unarmed Combat
 + Level 1.8 Spellcasting
 + Level 1.4 Conjurations
 + Level 1.4 Hexes
 + Level 1.4 Summonings
 + Level 1.4 Necromancy
 + Level 1.4 Translocations
 + Level 1.4 Transmutations
 + Level 1.4 Fire Magic
 + Level 1.4 Ice Magic
 + Level 1.4 Air Magic
 + Level 1.4 Earth Magic
 + Level 1.4 Poison Magic
 + Level 2.0 Invocations
 + Level 1.8 Evocations


You had 8 spell levels left.
You didn't know any spells.
Your spell library contained the following spells:

 Spells                   Type           Power      Damage    Failure   Level
 Shock                    Conj/Air       12%        1d3       61%         1
 Blink                    Tloc           6%         N/A       75%         2
 Sublimation of Blood     Necr           3%         N/A       75%         2
 Wereblood                Tmut           3%         N/A       75%         2
 Lesser Beckoning         Tloc           3%         N/A       93%         3
 Swiftness                Air            3%         N/A       93%         3
 Airstrike                Air            1%         N/A       100%        4
 Leda's Liquefaction      Hex/Erth       1%         N/A       100%        4
 Lee's Rapid Deconstruct  Erth           1%         3d5*      100%        5
 Manifold Assault         Tloc           3%         N/A       100%        5
 Statue Form              Tmut/Erth      2%         N/A       100%        6
 Malign Gateway           Summ/Tloc      1%         N/A       100%        7
 Summon Hydra             Summ           1%         N/A       100%        7
 Summon Horrible Things   Summ           1%         N/A       100%        8


Dungeon Overview and Level Annotations

Branches:
Dungeon (6/15)
 Temple: D:4-7

Altars:

Shops:
D:2 ?


Innate Abilities, Weirdness & Mutations

You have very sharp teeth.
Your uncanny sense of smell can sniff out nearby items.
Your experience applies equally to all skills.


Message History

You hit the bullfrog.
The bullfrog is lightly wounded.
The bullfrog hits you.
* * * LOW HITPOINT WARNING * * *
You hit the bullfrog but do no damage.
The bullfrog is lightly wounded.
The bullfrog barely misses you.
You hit the bullfrog.
The bullfrog is moderately wounded.
The bullfrog barely misses you.
You hit the bullfrog.
The bullfrog is heavily wounded.
The bullfrog completely misses you.
You barely miss the bullfrog.
The bullfrog is heavily wounded.
The bullfrog closely misses you.
The sky beast flickers out of sight!
Deactivating autopickup; reactivate with Ctrl-A.
You completely miss the bullfrog.
The bullfrog is heavily wounded.
The bullfrog hits you.
* * * LOW HITPOINT WARNING * * *
You closely miss the bullfrog. Your bite misses the bullfrog.
The bullfrog is heavily wounded.
The bullfrog hits you but does no damage.
You closely miss the bullfrog.
The bullfrog is heavily wounded.
The bullfrog hits you.
* * * LOW HITPOINT WARNING * * *
You miss the bullfrog.
The bullfrog is heavily wounded.
You block the bullfrog's attack.
A sky beast appears from thin air!
Reactivating autopickup.
You barely miss the bullfrog.
The bullfrog is heavily wounded.
The bullfrog hits you.
* * * LOW HITPOINT WARNING * * *
You hit the bullfrog.
The bullfrog is heavily wounded.
The bullfrog hits you.
You die...

#.## #...#
#...###...# ###
#.#..##...####
...##.##.........?)
##..#.##........###
................#
###...#.##...#..#
#..........##....
#.#@##.##........
.. #F##.####.zl ##
# #Y§..# ###.
#..#### #$..# #.#.#
#.#.# .[#.# .. #.#


You could see a sky beast and a bullfrog.

Vanquished Creatures
  2 hounds (D:5)
  Jessica (D:2)
  An iguana (D:5)
  Robin (D:2)
  3 adders
  A shadow imp (D:5)
  A white imp (D:5)
  An ufetubus (D:2)
  A worm (D:3)
  5 dart slugs
  4 orcs
  3 endoplasms
  2 giant cockroaches
  10 goblins
  3 hobgoblins
  A jackal (D:2)
  9 kobolds
  3 quokkas
  6 ball pythons
  7 bats
  5 frilled lizards
  9 rats
79 creatures vanquished.

Notes
Turn   | Place    | Note
-------+----------+-------------------------------------------
     0 | D:5      | Reached skill level 9 in Stealth
     0 | D:5      | DocClef the Gnoll Delver began the quest for the Orb.
     0 | D:5      | Reached XP level 1. HP: 23/23 MP: 1/1
    38 | D:5      | Reached XP level 2. HP: 9/29 MP: 2/2
   316 | D:5      | Reached skill level 1 in Invocations
   316 | D:5      | Reached XP level 3. HP: 22/35 MP: 2/4
   608 | D:5      | Reached skill level 1 in Long Blades
   608 | D:5      | Reached skill level 1 in Axes
   608 | D:5      | Reached skill level 1 in Maces & Flails
   608 | D:5      | Reached skill level 1 in Polearms
   608 | D:5      | Reached skill level 1 in Staves
   608 | D:5      | Reached skill level 1 in Slings
   608 | D:5      | Reached skill level 1 in Bows
   608 | D:5      | Reached skill level 1 in Crossbows
   608 | D:5      | Reached skill level 1 in Throwing
   608 | D:5      | Reached skill level 1 in Armour
   608 | D:5      | Reached skill level 1 in Shields
   608 | D:5      | Reached skill level 1 in Unarmed Combat
   608 | D:5      | Reached skill level 1 in Spellcasting
   608 | D:5      | Reached skill level 1 in Evocations
   608 | D:5      | Reached XP level 4. HP: 28/41 MP: 5/5
  1225 | D:5      | Reached skill level 1 in Conjurations
  1225 | D:5      | Reached skill level 1 in Hexes
  1225 | D:5      | Reached skill level 1 in Summonings
  1225 | D:5      | Reached skill level 1 in Necromancy
  1225 | D:5      | Reached skill level 1 in Translocations
  1225 | D:5      | Reached skill level 1 in Transmutations
  1225 | D:5      | Reached skill level 1 in Fire Magic
  1225 | D:5      | Reached skill level 1 in Ice Magic
  1225 | D:5      | Reached skill level 1 in Air Magic
  1225 | D:5      | Reached skill level 1 in Earth Magic
  1225 | D:5      | Reached skill level 1 in Poison Magic
  1390 | D:4      | Reached XP level 5. HP: 47/47 MP: 6/6
  1434 | D:2      | Found Feicev's Magic Scroll Boutique.
  1756 | D:2      | Found a faded altar of an unknown god.
  1834 | D:2      | Noticed Robin
  1850 | D:2      | Killed Robin
  2561 | D:2      | Noticed Jessica
  2566 | D:2      | Killed Jessica
  3332 | D:1      | Reached XP level 6. HP: 51/53 MP: 8/8
  3762 | D:1      | Noticed a vampire
  3764 | D:1      | Noticed a demigod
  3766 | D:1      | Noticed a troll
  3766 | D:1      | Noticed a demonspawn
  3768 | D:1      | Noticed a ghoul
  3768 | D:1      | Noticed a minotaur
  3772 | D:1      | Noticed an octopode
  3772 | D:1      | Noticed a human
  3774 | D:1      | Noticed a vine stalker
  3774 | D:1      | Noticed a formicid
  3776 | D:1      | Noticed a dwarf
  3776 | D:1      | Noticed a spriggan
  3780 | D:1      | Noticed an elf
  3780 | D:1      | Noticed a gargoyle
  3782 | D:1      | Noticed a merfolk
  3786 | D:1      | Noticed a draconian
  3786 | D:1      | Noticed a naga
  4224 | D:3      | You fall into a shaft and drop 3 floors!
  4243 | D:6      | Noticed a sky beast
  4261 | D:6      | HP: 1/53 [bullfrog (6)]
  4262 | D:6      | Slain by a bullfrog

Illustrated notes

Levels and vault maps discovered:
D:1:      kb_arrival_jail, layout_basic, serial_park_tiny_2,
          minmay_misc_feat_iff
D:2:      layout_basic, serial_shops, shop, basic_ecumenical_altar, uniq_robin,
          uniq_jessica
D:3:      layout_basic, serial_shops, nicolae_shop_hallway_stairs,
          minmay_surrounded
D:4:      layout_gridville, lemuel_tele_altar, hangedman_ru_absence
D:5:      layout_loops_ring
D:6:      layout_rooms, minmay_temple_entry_large_hall, uniq_menkaure

Skill      XL: |  1  2  3  4  5  6 |
---------------+-------------------+-----
Stealth        | |  9.7
Invocations    | 1 2 |  2.0
Long Blades    | 1 |  1.8
Axes           | 1 |  1.8
Maces & Flails | 1 |  1.8
Polearms       | 1 |  1.8
Staves         | 1 |  1.8
Slings         | 1 |  1.8
Bows           | 1 |  1.8
Crossbows      | 1 |  1.8
Throwing       | 1 |  1.8
Armour         | 1 |  1.8
Shields        | 1 |  1.8
Unarmed Combat | 1 |  1.8
Spellcasting   | 1 |  1.8
Evocations     | 1 |  1.8
Conjurations   | 1 |  1.4
Hexes          | 1 |  1.4
Summonings     | 1 |  1.4
Necromancy     | 1 |  1.4
Translocations | 1 |  1.4
Transmutations | 1 |  1.4
Fire Magic     | 1 |  1.4
Ice Magic      | 1 |  1.4
Air Magic      | 1 |  1.4
Earth Magic    | 1 |  1.4
Poison Magic   | 1 |  1.4
Fighting       | |  6.8
Short Blades   | |  4.9
Dodging        | |  4.9

Action                   |  1- 3 |  4- 6 || total
-------------------------+-------+-------++-------
Melee: Short sword       |    33 |   154 ||   187
       Bite              |     4 |    22 ||    26
       Punch             |     1 |     3 ||     4
       Dagger            |       |   141 ||   141
 Stab: Sleeping          |       |    20 ||    20
Armor: Leather armour    |     4 |    80 ||    84
Dodge: Dodged            |    17 |   225 ||   242
Block: Kite shield       |       |     4 ||     4

Table legend: (Time is in decaauts)
 A = Elapsed time spent in this place.
 B = Non-inter-level travel time spent in this place.
 C = Inter-level travel time spent in this place.
 D = Time resting spent in this place.
 E = Time spent auto-exploring this place.
 F = Levels seen in this place.
 G = Mean time per level.
                   A        B        C        D        E       F      G
               +--------+--------+--------+--------+--------+-----+--------+
         Total |   4167 |   4028 |    139 |   1183 |   2225 |   6 |  694.5 |
       Dungeon |   4167 |   4028 |    139 |   1183 |   2225 |   6 |  694.5 |
               +--------+--------+--------+--------+--------+-----+--------+

Top non-repeatable levels by time:
     D:2: 1620 daAuts
     D:5: 1223 daAuts
     D:1: 874 daAuts
     D:3: 222 daAuts
     D:4: 193 daAuts
     D:6: 33 daAuts
